 Dungeon Crawl Stone Soup version 0.23-a0-577-g2b1de944cd (webtiles) character file.

44 Jannitor the Cutter (level 3, 0/22 HPs)
             Began as a Deep Elf Chaos Knight on Dec 14, 2018.
             Was a Plaything of Xom.
             Slain by an adder (2 damage)
             ... on level 2 of the Dungeon.
             The game lasted 00:00:54 (899 turns).

Jannitor the Cutter (Deep Elf Chaos Knight)          Turns: 899, Time: 00:00:54

Health: 0/22       AC:  5    Str:  9    XL:     3   Next: 39%
Magic:  5/5        EV: 13    Int: 17    God:    Xom [.*....]
Gold:   67         SH:  0    Dex: 14    Spells: 2/2 levels left

rFire    . . .     SeeInvis .   a - +0 short sword (chaos)
rCold    . . .     Gourm    .   (no shield)
rNeg     . . .     Faith    .   b - +2 leather armour
rPois    .         Spirit   .   (no helmet)
rElec    .         Reflect  .   (no cloak)
rCorr    .         Harm     .   (no gloves)
MR       .....                  (no boots)
Stlth    +.........             (no amulet)
HPRegen  0.07/turn              (no ring)
MPRegen  0.09/turn              (no ring)

@: lethally poisoned (0 -> -16)
A: no striking features
a: Renounce Religion


You were on level 2 of the Dungeon.
You worshipped Xom.
You were a plaything of Xom.
You were not hungry.

You visited 1 branch of the dungeon, and saw 2 of its levels.

You collected 67 gold pieces.

Inventory:

Hand Weapons
 a - a +0 short sword of chaos (weapon)
Armour
 b - a +2 leather armour (worn)
Jewellery
 g - an uncursed ring of protection from fire {unknown}
Scrolls
 e - 2 scrolls of identify {unknown}
Potions
 f - 5 potions of lignification {unknown}
Comestibles
 c - 2 rations
 d - 9 chunks of flesh


   Skills:
 + Level 2.9 Fighting
 + Level 3.5 Short Blades
 - Level 0.7 Armour
 + Level 3.3 Dodging


You had 2 spell levels left.
You didn't know any spells.
Your spell library was empty.

Dungeon Overview and Level Annotations

Branches:
Dungeon (2/15)

Altars:


Message History

You closely miss something. Something bites you.
You are more poisoned.
Something poisons you!
The frilled lizard bites you but does no damage.
You completely miss something.
You feel sick. Something bites you but does no damage.
The frilled lizard misses you.
You miss something.
* * * LOW HITPOINT WARNING * * *
You feel sick. Something bites you.
* * * LOW HITPOINT WARNING * * *
You are more poisoned.
Something poisons you!
The frilled lizard bites you but does no damage.
Something bites you.
* * * LOW HITPOINT WARNING * * *
You miss something.
* * * LOW HITPOINT WARNING * * *
You feel sick. The frilled lizard closely misses you. Something bites you.
You die... "Boring in life, boring in death..."

.....÷...........##
≈≈≈88.÷..#.###....###.#
≈≈..#.................#
≈≈......#...........[.#
≈..÷<(.........##.....
≈.......####(%........
≈..#.÷÷...###..##.#..
..(##.###...#.....##
... #.# .#.....@{.# ..#
#.# #......l.# .. ..#
#........... .# ..##
##............ # ##.
####......... ..
.......... ..
#......... ...
#...#.....


You could see a frilled lizard.

Vanquished Creatures
  2 adders (D:2)
  A leopard gecko (D:1)
  2 bats
  A giant cockroach (D:1)
  3 goblins (D:1)
  3 hobgoblins (D:1)
  6 jackals
  A frilled lizard (D:1)
  3 kobolds (D:1)
  A rat (D:2)
23 creatures vanquished.

Notes
Turn   | Place    | Note
-------+----------+-------------------------------------------
     0 | D:1      | Jannitor the Deep Elf Chaos Knight began the quest for the
                  | Orb.
     0 | D:1      | Reached XP level 1. HP: 13/13 MP: 3/3
   140 | D:1      | Reached XP level 2. HP: 18/18 MP: 4/4
   173 | D:1      | XOM: harmless Hex miscast
   182 | D:1      | XOM: chaos upgrade
   249 | D:1      | XOM: mild Summ miscast
   337 | D:1      | XOM: divination: detect creatures
   741 | D:2      | XOM: mild Fire miscast
   744 | D:2      | Reached XP level 3. HP: 22/22 MP: 5/5
   749 | D:2      | XOM: swap monsters
   899 | D:2      | Slain by an adder

Vault maps used:
D:1:      dpeg_arrival_ternary, minmay_tromino_mix6
D:2:      wander_river, nicolae_dithmenos_shadow_blocks, first_ration,
          chequers_ecumenical_altar_simple, nemelex_altar_shiori

Skill      XL: |  1  2 |
---------------+-------+-----
Dodging        | 3 |  3.3
Fighting       | |  2.9
Short Blades   | |  3.5
Armour         | |  0.7

Action                   || total
-------------------------++-------
Melee: Short sword       ||    96
 Stab: Petrified         ||     2
       Confused          ||     1
Armor: Leather armour    ||    37
Dodge: Dodged            ||    80

Table legend:
 A = Non-vault XP
 B = Vault XP
 C = Vault XP percentage of total XP
 D = Non-vault monster count
 E = Vault monster count
 F = Vault count percentage of total count
                 A         B        C        D         E       F
            +---------+---------+-------+---------+---------+-------
      Total |      57 |       6 |   9.5 |      19 |       4 |  17.4
            +---------+---------+-------+---------+---------+-------
        D:1 |      21 |       6 |  22.2 |      11 |       4 |  26.7
        D:2 |      36 |       0 |   0.0 |       8 |       0 |   0.0
            +---------+---------+-------+---------+---------+-------
